Stars vs Oilers
Created - February 21, 2023 at 19:09
Goals
|
Stars |
1 |
1 |
1 |
0 |
3 |
Oilers |
1 |
2 |
0 |
1 |
4 |
|
Shots
|
Stars |
7 |
12 |
10 |
0 |
29 |
Oilers |
13 |
7 |
7 |
2 |
29 |
|
1st period
1. Oilers , Leon Draisaitl 13 (Viktor Arvidsson 15, Robert Nilsson 27) at 10:20
2. Stars , John Tavares 36 (Andrew Ladd 12, Cory Emmerton 9) at 19:26 (SH)
Penalties :
Jhonas Enroth (Dal) for Slashing (Minor) at 5:05 - Tyler Wotherspoon served the penalty, Paul Ladue (Dal) for Cross-checking (Minor) at 11:39, Brian Lee (Dal) for Roughing (Minor) at 17:30
2nd period
3. Stars , Michael Grabner 20 (John Tavares 29, Tyler Wotherspoon 7) at 0:55
4. Oilers , Connor McDavid 23 (Evander Kane 20) at 6:42
5. Oilers , Ryan Nugent-Hopkins 12 (Brady Skjei 21) at 15:19
Penalties :
Evander Kane (Edm) for Holding (Minor) at 7:26, Boris Valabik (Dal) for Hooking (Minor) at 15:54, Andrew Ladd (Dal) for Roughing (Minor) at 19:39
3rd period
6. Stars , Cory Emmerton 11 (Andrew Ladd 13, Alex Chiasson 15) at 10:15
Penalties :
No Penalty
Overtime #1
7. Oilers , Connor McDavid 24 (Marcus Pettersson 4, Tobias Enstrom 6) at 3:24
Penalties :
No Penalty
Goalie Stats
Jhonas Enroth (Dal), 25 saves from 29 shots - (0.862), OTL, 2-4-1, 63:24 minutes
James Reimer (Edm), 26 saves from 29 shots - (0.897), W, 20-16-3, 63:24 minutes
Players Stats for Stars
Player Name G A P +/- PIM S H SB GA TA FO MP PP MP PK MP
------------------------------------------------------------------------------------
Alex Chiasson 0 1 1 -2 0 1 0 1 0 0 1/1 16:38 0:38 0:00
Andrej Sustr 0 0 0 -1 0 0 3 0 0 0 0/0 5:00 0:00 1:40
Andrew Ladd 0 2 2 -2 2 2 0 3 1 0 1/1 19:52 0:38 3:29
Boris Valabik 0 0 0 0 2 1 1 0 1 1 0/0 21:53 1:18 5:19
Brian Lee 0 0 0 -1 2 2 1 1 2 0 0/0 30:11 1:44 5:07
Cam Atkinson 0 0 0 -1 0 2 1 1 0 0 0/1 10:46 0:00 0:00
Cory Emmerton 1 1 2 -2 0 2 3 1 0 0 6/13 18:35 0:38 4:09
Evgeny Kuznetsov 0 0 0 -1 0 1 1 0 0 0 3/6 9:29 0:00 0:07
Guillaume Latendresse 0 0 0 2 0 1 5 0 0 1 0/1 23:55 1:21 5:28
John Tavares 1 1 2 2 0 5 2 1 1 0 19/33 24:16 1:21 5:36
Jonathan Drouin 0 0 0 0 0 1 0 0 0 0 0/0 10:53 0:00 0:56
Michael Grabner 1 0 1 1 0 4 2 0 2 0 1/2 16:44 1:21 0:00
Paul Ladue 0 0 0 2 2 1 1 2 0 3 0/0 27:51 0:56 5:04
Scott Kosmachuck 0 0 0 0 0 3 1 0 0 0 0/0 9:46 0:00 0:00
Tobias Rieder 0 0 0 -1 0 0 0 0 0 0 0/0 10:38 0:00 0:05
Tyler Brenner 0 0 0 0 0 1 0 0 0 0 0/4 9:35 0:00 0:00
Tyler Wotherspoon 0 1 1 0 0 2 3 1 0 0 0/0 22:09 0:00 2:23
Tyson Barrie 0 0 0 -1 0 0 1 1 1 1 0/0 15:26 0:00 0:17
Players Stats for Oilers
Player Name G A P +/- PIM S H SB GA TA FO MP PP MP PK MP
------------------------------------------------------------------------------------
Anton Slepyshev 0 0 0 0 0 0 1 1 1 0 0/0 10:09 0:00 0:35
Brady Skjei 0 1 1 0 0 1 2 1 1 1 0/0 27:03 6:16 1:15
Cam Barker 0 0 0 0 0 5 0 1 0 0 0/0 22:51 6:16 0:44
Connor McDavid 2 0 2 1 0 5 2 2 0 0 7/20 20:59 5:37 1:24
David Pastrnak 0 0 0 0 0 0 4 0 0 0 1/1 19:18 5:37 0:00
Evander Kane 0 1 1 0 2 4 3 0 1 2 0/1 20:27 5:37 0:00
Jake Gardiner 0 0 0 0 0 2 3 1 0 1 0/0 26:02 3:39 1:15
James Neal 0 0 0 1 0 1 0 0 0 0 0/0 10:05 0:00 0:00
Leon Draisaitl 1 0 1 0 0 3 2 0 2 2 1/2 22:57 4:18 1:24
Marcus Pettersson 0 1 1 1 0 1 0 2 0 1 0/0 17:30 3:39 0:00
Mark Stone 0 0 0 0 0 1 3 0 0 0 0/0 10:12 0:00 0:00
Robert Nilsson 0 1 1 1 0 1 4 2 0 0 17/30 17:14 0:00 0:35
Ryan Getzlaf 0 0 0 0 0 0 0 1 0 0 0/0 7:48 0:00 0:00
Ryan Nugent-Hopkins 1 0 1 -1 0 2 1 0 0 0 4/6 16:26 4:18 0:00
Shea Weber 0 0 0 0 0 0 2 0 0 1 0/0 21:49 0:00 0:44
Tobias Enstrom 0 1 1 1 0 0 0 1 0 0 0/0 11:33 0:00 0:00
Viktor Arvidsson 0 1 1 0 0 2 3 0 1 0 1/2 21:25 4:18 0:00
Zach Hyman 0 0 0 0 0 1 0 1 0 0 0/0 7:48 0:00 0:00
3 Stars
1 - Connor McDavid (Edm)
2 - John Tavares (Dal)
3 - Robert Nilsson (Edm)
Power Play
Stars - 0 on 1 Attempt(s) - 0.00%
Oilers - 0 on 5 Attempt(s) - 0.00%
Penalty Kill
Stars - 5 on 5 Attempt(s) - 100.00%
- Score 1 goal in Penalty Kill
Oilers - 1 on 1 Attempt(s) - 100.00%
- Score 0 goal in Penalty Kill
Team Stat
Stars - Hits : 25 - Faceoff Wins : 31 - Blocked Shots : 12 - Penalty Minutes : 10
Oilers - Hits : 30 - Faceoff Wins : 31 - Blocked Shots : 13 - Penalty Minutes : 2
Official
Referees : Chris Lee and Pierre Lambert
Linesman : Tyson Baker and Brian Mach
Game Notes
Andrej Sustr is injured at 15:06 of 1st period (Right Knee)
8:39 of 2nd period - Stars goal is going for a video replay. After video review, No Goal. The net was displaced accidentally.
Boris Valabik is injured at 3:59 of 3rd period (Sprained Right Knee)
Finance
Level 1 -- Attendance: 6000 (100.00%) -- Ticket Income $600,000
Level 2 -- Attendance: 4564 (91.28%) -- Ticket Income $273,840
Level 3 -- Attendance: 2000 (100.00%) -- Ticket Income $70,000
Level 4 -- Attendance: 4000 (100.00%) -- Ticket Income $100,000
Luxury Box -- Attendance: 1000 (100.00%) -- Ticket Income $200,000
Game was played at the Rodgers Place.
Total Attendance: 17564 (97.58%)
Total Ticket Income: $1,243,840
Other Income: $186,576
Total Income: $1,430,416
Stars
5 vs 5 Forward
Center Left Wing Right Wing Time % Phy DF OF
1 John Tavares Guillaume Latendresse Michael Grabner 40 1 2 2
2 Cory Emmerton Andrew Ladd Alex Chiasson 30 1 2 2
3 Evgeny Kuznetsov Tobias Rieder Cam Atkinson 20 1 2 2
4 Tyler Brenner Jonathan Drouin Scott Kosmachuck 10 1 2 2
5 vs 5 Defense
Defense Defense Time % Phy DF OF
1 Boris Valabik Brian Lee 40 1 2 2
2 Andrej Sustr Paul Ladue 30 1 2 2
3 Tyler Wotherspoon Tyson Barrie 20 1 2 2
4 Boris Valabik Brian Lee 10 1 2 2
PowerPlay Forward
Center Left Wing Right Wing Time % Phy DF OF
1 John Tavares Guillaume Latendresse Michael Grabner 60 0 2 3
2 Cory Emmerton Andrew Ladd Alex Chiasson 40 0 2 3
PowerPlay Defense
Defense Defense Time % Phy DF OF
1 Boris Valabik Brian Lee 60 1 2 2
2 Andrej Sustr Paul Ladue 40 1 2 2
Penalty Kill 4 Players Forward
Center Wing Time % Phy DF OF
1 John Tavares Guillaume Latendresse 60 1 2 2
2 Cory Emmerton Andrew Ladd 40 1 2 2
Penalty Kill 4 Players Defense
Defense Defense Time % Phy DF OF
1 Boris Valabik Brian Lee 60 0 3 2
2 Andrej Sustr Paul Ladue 40 0 3 2
Penalty Kill - 3 Players Forward
Forward Time % Phy DF OF
1 John Tavares 60 1 2 2
2 Cory Emmerton 40 1 2 2
Penalty Kill - 3 Players Defense
Defense Defense Time % Phy DF OF
1 Boris Valabik Brian Lee 60 0 3 2
2 Andrej Sustr Paul Ladue 40 0 3 2
4 vs 4 Forward
Center Wing Time % Phy DF OF
1 John Tavares Guillaume Latendresse 60 0 2 3
2 Cory Emmerton Andrew Ladd 40 0 2 3
4 vs 4 Defense
Defense Defense Time % Phy DF OF
1 Boris Valabik Brian Lee 60 1 2 2
2 Andrej Sustr Paul Ladue 40 1 2 2
Last Minutes Offensive
Center Left Wing Right Wing Defense Defense
John Tavares Guillaume Latendresse Michael Grabner Boris Valabik Brian Lee
Last Minutes Defensive
Center Left Wing Right Wing Defense Defense
John Tavares Guillaume Latendresse Michael Grabner Boris Valabik Brian Lee
Goaltenders
Starting : Jhonas Enroth
Backup : Matt Murray
Extra Forwards
Normal : Andrew Ladd, Cam Atkinson, Tobias Rieder - PP : Andrew Ladd, Cam Atkinson - PK : Andrew Ladd
Extra Defensemen
Normal : Paul Ladue, Tyler Wotherspoon, Tyson Barrie - PP : Paul Ladue - PK : Paul Ladue, Tyler Wotherspoon
Penalty Shots
John Tavares, Michael Grabner, Guillaume Latendresse, Alex Chiasson, Andrew Ladd
Scratches
Evgeny Grachev (Suspend)
Oilers
5 vs 5 Forward
Center Left Wing Right Wing Time % Phy DF OF
1 Robert Nilsson Leon Draisaitl Viktor Arvidsson 40 1 2 2
2 Connor McDavid Evander Kane David Pastrnak 30 1 2 2
3 Ryan Nugent-Hopkins James Neal Mark Stone 20 1 2 2
4 Ryan Getzlaf Anton Slepyshev Zach Hyman 10 1 2 2
5 vs 5 Defense
Defense Defense Time % Phy DF OF
1 Shea Weber Jake Gardiner 40 1 2 2
2 Cam Barker Brady Skjei 30 1 2 2
3 Tobias Enstrom Marcus Pettersson 20 1 2 2
4 Brady Skjei Marcus Pettersson 10 1 2 2
PowerPlay Forward
Center Left Wing Right Wing Time % Phy DF OF
1 Connor McDavid Evander Kane David Pastrnak 60 1 2 2
2 Ryan Nugent-Hopkins Leon Draisaitl Viktor Arvidsson 40 1 2 2
PowerPlay Defense
Defense Defense Time % Phy DF OF
1 Brady Skjei Cam Barker 60 1 2 2
2 Jake Gardiner Marcus Pettersson 40 1 2 2
Penalty Kill 4 Players Forward
Center Wing Time % Phy DF OF
1 Connor McDavid Evander Kane 60 1 2 2
2 Ryan Nugent-Hopkins Leon Draisaitl 40 1 2 2
Penalty Kill 4 Players Defense
Defense Defense Time % Phy DF OF
1 Brady Skjei Jake Gardiner 60 1 2 2
2 Cam Barker Shea Weber 40 1 2 2
Penalty Kill - 3 Players Forward
Forward Time % Phy DF OF
1 Connor McDavid 60 1 2 2
2 Robert Nilsson 40 1 2 2
Penalty Kill - 3 Players Defense
Defense Defense Time % Phy DF OF
1 Brady Skjei Jake Gardiner 60 1 2 2
2 Cam Barker Shea Weber 40 1 2 2
4 vs 4 Forward
Center Wing Time % Phy DF OF
1 Ryan Nugent-Hopkins Evander Kane 60 1 2 2
2 Robert Nilsson Leon Draisaitl 40 1 2 2
4 vs 4 Defense
Defense Defense Time % Phy DF OF
1 Brady Skjei Jake Gardiner 60 1 2 2
2 Cam Barker Shea Weber 40 1 2 2
Last Minutes Offensive
Center Left Wing Right Wing Defense Defense
Connor McDavid Evander Kane David Pastrnak Brady Skjei Jake Gardiner
Last Minutes Defensive
Center Left Wing Right Wing Defense Defense
Connor McDavid Evander Kane David Pastrnak Brady Skjei Jake Gardiner
Goaltenders
Starting : James Reimer
Backup : Jonas Hiller
Extra Forwards
Normal : Leon Draisaitl, Ryan Nugent-Hopkins, Viktor Arvidsson - PP : Leon Draisaitl, Ryan Nugent-Hopkins - PK : Leon Draisaitl
Extra Defensemen
Normal : Shea Weber, Tobias Enstrom, Marcus Pettersson - PP : Shea Weber - PK : Shea Weber, Tobias Enstrom
Penalty Shots
Evander Kane, Connor McDavid, Robert Nilsson, David Pastrnak, Leon Draisaitl
Scratches
None
% Time on Ice - Stars
Lines # - Real PCT - Wanted PCT - Time Play
Normal Forward
1 - 34% - 40% - 16:10
2 - 27% - 30% - 13:02
3 - 19% - 20% - 9:19
4 - 20% - 10% - 9:35
Normal Defense
1 - 42% - 40% - 20:14
2 - 31% - 30% - 14:59
3 - 21% - 20% - 10:09
4 - 6% - 10% - 2:44
PP Forward
1 - 68% - 60% - 1:21
2 - 32% - 40% - 0:38
PP Defense
1 - 56% - 60% - 1:07
2 - 44% - 40% - 0:52
PK Forward
1 - 63% - 60% - 6:16
2 - 37% - 40% - 3:39
PK Defense
1 - 72% - 60% - 7:06
2 - 28% - 40% - 2:49
PK3 Forward
1 - 0% - 60%
2 - 0% - 40%
PK3 Defense
1 - 0% - 60%
2 - 0% - 40%
44 Forward
1 - 88% - 60% - 2:59
2 - 12% - 40% - 0:25
44 Defense
1 - 90% - 60% - 3:03
2 - 10% - 40% - 0:21
Last Minute Offensive - 0:00
Last Minute Defensive - 0:00
Total
Forward - 63:24
Defense - 63:24
|
% Time on Ice - Oilers
Lines # - Real PCT - Wanted PCT - Time Play
Normal Forward
1 - 36% - 40% - 17:05
2 - 28% - 30% - 13:15
3 - 21% - 20% - 9:58
4 - 16% - 10% - 7:48
Normal Defense
1 - 42% - 40% - 20:25
2 - 31% - 30% - 15:00
3 - 20% - 20% - 9:50
4 - 6% - 10% - 2:51
PP Forward
1 - 57% - 60% - 5:37
2 - 43% - 40% - 4:18
PP Defense
1 - 63% - 60% - 6:16
2 - 37% - 40% - 3:39
PK Forward
1 - 100% - 60% - 1:59
2 - 0% - 40% - 0:00
PK Defense
1 - 63% - 60% - 1:15
2 - 37% - 40% - 0:44
PK3 Forward
1 - 0% - 60%
2 - 0% - 40%
PK3 Defense
1 - 0% - 60%
2 - 0% - 40%
44 Forward
1 - 80% - 60% - 2:43
2 - 20% - 40% - 0:41
44 Defense
1 - 51% - 60% - 1:45
2 - 49% - 40% - 1:39
Last Minute Offensive - 0:00
Last Minute Defensive - 0:00
Total
Forward - 63:24
Defense - 63:24
|
Play-by-Play
1st period
0:01 of 1st period - John Tavares wins face-off versus Robert Nilsson in neutral zone.
0:26 of 1st period - Boris Valabik is hit by Evander Kane and loses puck.
1:29 of 1st period - Slapshot by Brian Lee.
1:29 of 1st period - Shot Misses the Net.
1:52 of 1st period - Cory Emmerton is hit by Jake Gardiner and loses puck.
3:28 of 1st period - Icing by David Pastrnak.
3:29 of 1st period - Evgeny Kuznetsov wins face-off versus Ryan Nugent-Hopkins in Oilers zone.
4:20 of 1st period - Wrist shot by Cory Emmerton.
4:20 of 1st period - Stopped by James Reimer with a rebound.
4:40 of 1st period - David Pastrnak is hit by Andrej Sustr and loses puck.
5:03 of 1st period - Slapshot by Robert Nilsson.
5:03 of 1st period - Shot Misses the Net.
5:05 of 1st period - Snap shot by Cam Barker.
5:05 of 1st period - Stopped by Jhonas Enroth without a rebound.
5:05 of 1st period - Minor Penalty to Jhonas Enroth for Slashing.
5:06 of 1st period - John Tavares wins face-off versus Connor McDavid in Stars zone.
5:40 of 1st period - Slapshot by Brady Skjei.
5:40 of 1st period - Shot Blocked by Brian Lee.
5:42 of 1st period - Snap shot by Ryan Nugent-Hopkins.
5:42 of 1st period - Stopped by Jhonas Enroth with a rebound.
5:44 of 1st period - Slapshot by Brady Skjei.
5:44 of 1st period - Shot Misses the Net.
7:05 of 1st period - Penalty to Tyler Wotherspoon is over, Tyler Wotherspoon is back on ice.
7:20 of 1st period - Tobias Rieder is hit by Jake Gardiner and loses puck.
8:16 of 1st period - Leon Draisaitl is hit by Scott Kosmachuck and loses puck.
8:35 of 1st period - Marcus Pettersson is hit by Andrej Sustr and loses puck.
8:40 of 1st period - Wrist shot by Cam Atkinson.
8:40 of 1st period - Stopped by James Reimer with a rebound.
8:46 of 1st period - James Neal is hit by Cam Atkinson and loses puck.
9:20 of 1st period - Brian Lee is hit by David Pastrnak and loses puck.
9:29 of 1st period - Wrist shot by Connor McDavid.
9:29 of 1st period - Shot Misses the Net.
9:35 of 1st period - David Pastrnak is hit by Guillaume Latendresse and loses puck.
9:46 of 1st period - Boris Valabik is hit by Leon Draisaitl and loses puck.
10:05 of 1st period - Snap shot by Cory Emmerton.
10:05 of 1st period - Shot Blocked by Zach Hyman.
10:07 of 1st period - Snap shot by Cory Emmerton.
10:07 of 1st period - Shot Blocked by Ryan Getzlaf.
10:09 of 1st period - Slapshot by Brian Lee.
10:09 of 1st period - Shot Misses the Net.
10:11 of 1st period - Wrist shot by Cory Emmerton.
10:11 of 1st period - Shot Hit the Post.
10:13 of 1st period - Snap shot by Andrew Ladd.
10:13 of 1st period - Stopped by James Reimer without a rebound.
10:14 of 1st period - Robert Nilsson wins face-off versus Evgeny Kuznetsov in Oilers zone.
10:14 of 1st period - Robert Nilsson is hit by Andrej Sustr.
10:20 of 1st period - Wrist shot by Viktor Arvidsson.
10:20 of 1st period - Deflect By Leon Draisaitl.
10:20 of 1st period - Goal by Leon Draisaitl - Stars : 0 - Oilers : 1.
10:21 of 1st period - Robert Nilsson wins face-off versus John Tavares in neutral zone.
10:52 of 1st period - Snap shot by David Pastrnak.
10:52 of 1st period - Deflect By Connor McDavid.
10:52 of 1st period - Shot Misses the Net.
10:52 of 1st period - Puck is out of play.
10:53 of 1st period - Cory Emmerton wins face-off versus Connor McDavid in Stars zone.
11:09 of 1st period - Wrist shot by Evander Kane.
11:09 of 1st period - Shot Misses the Net.
11:23 of 1st period - Andrew Ladd is hit by David Pastrnak and loses puck.
11:30 of 1st period - Slapshot by Connor McDavid.
11:30 of 1st period - Stopped by Jhonas Enroth with a rebound.
11:32 of 1st period - Wrist shot by Connor McDavid.
11:32 of 1st period - Shot Misses the Net.
11:34 of 1st period - Slapshot by Cam Barker.
11:34 of 1st period - Deflect By Andrew Ladd.
11:34 of 1st period - Stopped by Jhonas Enroth with a rebound.
11:36 of 1st period - Snap shot by Cam Barker.
11:36 of 1st period - Stopped by Jhonas Enroth without a rebound.
11:37 of 1st period - Michael Grabner wins face-off versus Robert Nilsson in Stars zone.
11:39 of 1st period - Minor Penalty to Paul Ladue for Cross-checking.
11:40 of 1st period - John Tavares wins face-off versus Connor McDavid in Stars zone.
11:54 of 1st period - Slapshot by Cam Barker.
11:54 of 1st period - Stopped by Jhonas Enroth with a rebound.
13:39 of 1st period - Penalty to Paul Ladue is over, Paul Ladue is back on ice.
13:50 of 1st period - Jake Gardiner is hit by Evgeny Kuznetsov and loses puck.
14:14 of 1st period - Snap shot by Scott Kosmachuck.
14:14 of 1st period - Shot Misses the Net.
14:16 of 1st period - Slapshot by Tyler Wotherspoon.
14:16 of 1st period - Stopped by James Reimer with a rebound.
15:05 of 1st period - Andrej Sustr is hit by Viktor Arvidsson and loses puck.
15:06 of 1st period - Andrej Sustr from Stars is injured at 15:06 of 1st period (Right Knee).
15:07 of 1st period - John Tavares wins face-off versus Robert Nilsson in Stars zone.
15:24 of 1st period - Snap shot by Michael Grabner.
15:24 of 1st period - Stopped by James Reimer without a rebound.
15:25 of 1st period - Cory Emmerton wins face-off versus Connor McDavid in Oilers zone.
15:52 of 1st period - Cory Emmerton is hit by Brady Skjei.
16:17 of 1st period - Icing by Andrew Ladd.
16:18 of 1st period - Cory Emmerton wins face-off versus Robert Nilsson in Stars zone.
16:22 of 1st period - Off-side.
16:23 of 1st period - Viktor Arvidsson wins face-off versus John Tavares in neutral zone.
16:28 of 1st period - Slapshot by Viktor Arvidsson.
16:28 of 1st period - Stopped by Jhonas Enroth without a rebound.
16:29 of 1st period - John Tavares wins face-off versus Robert Nilsson in Stars zone.
17:05 of 1st period - Wrist shot by Alex Chiasson.
17:05 of 1st period - Stopped by James Reimer without a rebound.
17:06 of 1st period - Robert Nilsson wins face-off versus John Tavares in Oilers zone.
17:17 of 1st period - Wrist shot by Viktor Arvidsson.
17:17 of 1st period - Shot Misses the Net.
17:30 of 1st period - Minor Penalty to Brian Lee for Roughing.
17:31 of 1st period - Connor McDavid wins face-off versus John Tavares in Stars zone.
17:32 of 1st period - Snap shot by Evander Kane.
17:32 of 1st period - Stopped by Jhonas Enroth without a rebound.
17:33 of 1st period - John Tavares wins face-off versus Connor McDavid in Stars zone.
18:02 of 1st period - Snap shot by Viktor Arvidsson.
18:02 of 1st period - Shot Blocked by Paul Ladue.
18:04 of 1st period - Slapshot by Cam Barker.
18:04 of 1st period - Stopped by Jhonas Enroth with a rebound.
18:06 of 1st period - Slapshot by Brady Skjei.
18:06 of 1st period - Stopped by Jhonas Enroth without a rebound.
18:07 of 1st period - Connor McDavid wins face-off versus John Tavares in Stars zone.
18:18 of 1st period - Wrist shot by Evander Kane.
18:18 of 1st period - Stopped by Jhonas Enroth with a rebound.
18:53 of 1st period - Icing by Jake Gardiner.
18:54 of 1st period - Ryan Nugent-Hopkins wins face-off versus Cory Emmerton in Oilers zone.
18:58 of 1st period - Off-side.
18:59 of 1st period - Andrew Ladd wins face-off versus Connor McDavid in neutral zone.
19:26 of 1st period - Snap shot by John Tavares.
19:26 of 1st period - Goal by John Tavares - Stars : 1 - Oilers : 1.
19:27 of 1st period - David Pastrnak wins face-off versus John Tavares in neutral zone.
19:30 of 1st period - Penalty to Brian Lee is over, Brian Lee is back on ice.
19:30 of 1st period - Slapshot by Connor McDavid.
19:30 of 1st period - Stopped by Jhonas Enroth with a rebound.
19:32 of 1st period - Slapshot by Cam Barker.
19:32 of 1st period - Shot Misses the Net.
Goals for this period are 1 for Stars vs 1 for Oilers.
Shots for this period are 7 for Stars vs 13 for Oilers.
2nd period
0:01 of 2nd period - John Tavares wins face-off versus Robert Nilsson in neutral zone.
0:55 of 2nd period - Wrist shot by Michael Grabner.
0:55 of 2nd period - Goal by Michael Grabner - Stars : 2 - Oilers : 1.
0:56 of 2nd period - Robert Nilsson wins face-off versus Cory Emmerton in neutral zone.
1:22 of 2nd period - Slapshot by Cam Atkinson.
1:22 of 2nd period - Shot Misses the Net.
1:24 of 2nd period - Backhand shot by Cam Atkinson.
1:24 of 2nd period - Stopped by James Reimer with a rebound.
1:32 of 2nd period - Snap shot by Tobias Rieder.
1:32 of 2nd period - Shot Misses the Net.
1:43 of 2nd period - Off-side.
1:44 of 2nd period - Ryan Nugent-Hopkins wins face-off versus Tyler Brenner in neutral zone.
1:49 of 2nd period - Boris Valabik is hit by Ryan Nugent-Hopkins and loses puck.
2:14 of 2nd period - Boris Valabik is hit by Shea Weber and loses puck.
2:37 of 2nd period - Snap shot by Connor McDavid.
2:37 of 2nd period - Shot Blocked by Cory Emmerton.
2:39 of 2nd period - Slapshot by Jake Gardiner.
2:39 of 2nd period - Stopped by Jhonas Enroth without a rebound.
2:40 of 2nd period - Connor McDavid wins face-off versus Cory Emmerton in Stars zone.
2:55 of 2nd period - Snap shot by Cory Emmerton.
2:55 of 2nd period - Shot Blocked by Marcus Pettersson.
3:13 of 2nd period - Leon Draisaitl is hit by Tyler Wotherspoon and loses puck.
3:39 of 2nd period - Slapshot by Mark Stone.
3:39 of 2nd period - Shot Misses the Net.
3:41 of 2nd period - Slapshot by Tobias Enstrom.
3:41 of 2nd period - Shot Misses the Net.
3:43 of 2nd period - Wrist shot by Tobias Enstrom.
3:43 of 2nd period - Shot Misses the Net.
4:09 of 2nd period - Wrist shot by Scott Kosmachuck.
4:09 of 2nd period - Stopped by James Reimer with a rebound.
4:19 of 2nd period - Alex Chiasson is hit by Evander Kane and loses puck.
4:41 of 2nd period - Evander Kane is hit by Guillaume Latendresse and loses puck.
5:04 of 2nd period - Snap shot by David Pastrnak.
5:04 of 2nd period - Deflect By Connor McDavid.
5:04 of 2nd period - Shot Misses the Net.
5:04 of 2nd period - Puck is out of play.
5:05 of 2nd period - Robert Nilsson wins face-off versus Cory Emmerton in Stars zone.
5:06 of 2nd period - Snap shot by Leon Draisaitl.
5:06 of 2nd period - Shot Misses the Net.
5:37 of 2nd period - Wrist shot by Tobias Rieder.
5:37 of 2nd period - Shot Misses the Net.
6:02 of 2nd period - Jake Gardiner is hit by Guillaume Latendresse and loses puck.
6:23 of 2nd period - Slapshot by Scott Kosmachuck.
6:23 of 2nd period - Shot Misses the Net.
6:25 of 2nd period - Backhand shot by Tyler Brenner.
6:25 of 2nd period - Stopped by James Reimer without a rebound.
6:26 of 2nd period - Alex Chiasson wins face-off versus Connor McDavid in Oilers zone.
6:34 of 2nd period - Off-side.
6:35 of 2nd period - Cory Emmerton wins face-off versus Connor McDavid in neutral zone.
6:42 of 2nd period - Wrist shot by Connor McDavid.
6:42 of 2nd period - Goal by Connor McDavid - Stars : 2 - Oilers : 2.
6:43 of 2nd period - Robert Nilsson wins face-off versus John Tavares in neutral zone.
6:47 of 2nd period - Marcus Pettersson is hit by Guillaume Latendresse and loses puck.
6:50 of 2nd period - Slapshot by Marcus Pettersson.
6:50 of 2nd period - Stopped by Jhonas Enroth with a rebound.
6:52 of 2nd period - Slapshot by Leon Draisaitl.
6:52 of 2nd period - Shot Misses the Net.
7:26 of 2nd period - Minor Penalty to Evander Kane for Holding.
7:27 of 2nd period - John Tavares wins face-off versus Connor McDavid in Oilers zone.
7:28 of 2nd period - Snap shot by Guillaume Latendresse.
7:28 of 2nd period - Shot Misses the Net.
7:30 of 2nd period - Wrist shot by John Tavares.
7:30 of 2nd period - Shot Misses the Net.
7:32 of 2nd period - Slapshot by Boris Valabik.
7:32 of 2nd period - Stopped by James Reimer with a rebound.
7:34 of 2nd period - Slapshot by Brian Lee.
7:34 of 2nd period - Shot Misses the Net.
7:36 of 2nd period - Slapshot by John Tavares.
7:36 of 2nd period - Stopped by James Reimer without a rebound.
7:37 of 2nd period - John Tavares wins face-off versus Connor McDavid in Oilers zone.
7:38 of 2nd period - Snap shot by Michael Grabner.
7:38 of 2nd period - Shot Blocked by Brady Skjei.
7:51 of 2nd period - Snap shot by Michael Grabner.
7:51 of 2nd period - Stopped by James Reimer with a rebound.
7:53 of 2nd period - Snap shot by Brian Lee.
7:53 of 2nd period - Shot Misses the Net.
7:55 of 2nd period - Snap shot by Guillaume Latendresse.
7:55 of 2nd period - Shot Misses the Net.
7:57 of 2nd period - Wrist shot by John Tavares.
7:57 of 2nd period - Shot Blocked by Connor McDavid.
8:19 of 2nd period - Wrist shot by John Tavares.
8:19 of 2nd period - Stopped by James Reimer with a rebound.
8:21 of 2nd period - Slapshot by John Tavares.
8:21 of 2nd period - Shot Blocked by Connor McDavid.
8:23 of 2nd period - Snap shot by Boris Valabik.
8:23 of 2nd period - Shot Misses the Net.
8:25 of 2nd period - Snap shot by Guillaume Latendresse.
8:25 of 2nd period - Shot Misses the Net.
8:27 of 2nd period - Slapshot by John Tavares.
8:27 of 2nd period - Deflect By Michael Grabner.
8:27 of 2nd period - Shot Blocked by Jake Gardiner.
8:27 of 2nd period - Puck is out of play.
8:28 of 2nd period - Cory Emmerton wins face-off versus Robert Nilsson in Oilers zone.
8:33 of 2nd period - Slapshot by Andrew Ladd.
8:33 of 2nd period - Shot Blocked by Robert Nilsson.
8:35 of 2nd period - Snap shot by Paul Ladue.
8:35 of 2nd period - Shot Misses the Net.
8:37 of 2nd period - Slapshot by Alex Chiasson.
8:37 of 2nd period - Shot Blocked by Robert Nilsson.
8:39 of 2nd period - Wrist shot by Paul Ladue.
8:39 of 2nd period - Stars goal is going for a video replay.
8:39 of 2nd period - The goal is refused. The net was displaced accidentally..
8:40 of 2nd period - Cory Emmerton wins face-off versus Leon Draisaitl in Oilers zone.
9:26 of 2nd period - Penalty to Evander Kane is over, Evander Kane is back on ice.
9:40 of 2nd period - Wrist shot by James Neal.
9:40 of 2nd period - Stopped by Jhonas Enroth with a rebound.
10:17 of 2nd period - Boris Valabik is hit by Leon Draisaitl and loses puck.
10:26 of 2nd period - Snap shot by Jonathan Drouin.
10:26 of 2nd period - Stopped by James Reimer with a rebound.
10:32 of 2nd period - Wrist shot by Ryan Getzlaf.
10:32 of 2nd period - Shot Blocked by Tyler Wotherspoon.
10:44 of 2nd period - James Neal is hit by Michael Grabner and loses puck.
10:51 of 2nd period - Snap shot by John Tavares.
10:51 of 2nd period - Stopped by James Reimer without a rebound.
10:52 of 2nd period - John Tavares wins face-off versus Robert Nilsson in Oilers zone.
11:40 of 2nd period - Slapshot by Cam Barker.
11:40 of 2nd period - Shot Blocked by Cam Atkinson.
11:42 of 2nd period - Wrist shot by Mark Stone.
11:42 of 2nd period - Shot Blocked by Tyson Barrie.
11:44 of 2nd period - Slapshot by Brady Skjei.
11:44 of 2nd period - Shot Misses the Net.
11:46 of 2nd period - Snap shot by Mark Stone.
11:46 of 2nd period - Shot Misses the Net.
11:48 of 2nd period - Wrist shot by Mark Stone.
11:48 of 2nd period - Stopped by Jhonas Enroth with a rebound.
11:50 of 2nd period - Snap shot by Mark Stone.
11:50 of 2nd period - Shot Misses the Net.
12:00 of 2nd period - Ryan Getzlaf is hit by John Tavares and loses puck.
12:05 of 2nd period - Slapshot by John Tavares.
12:05 of 2nd period - Shot Misses the Net.
12:21 of 2nd period - Boris Valabik is hit by Robert Nilsson and loses puck.
12:47 of 2nd period - Boris Valabik is hit by Connor McDavid and loses puck.
13:54 of 2nd period - Off-side.
13:55 of 2nd period - Robert Nilsson wins face-off versus Evgeny Kuznetsov in neutral zone.
14:08 of 2nd period - Viktor Arvidsson is hit by Boris Valabik and loses puck.
14:23 of 2nd period - Tobias Enstrom is hit by Paul Ladue.
14:46 of 2nd period - Icing by Tyler Wotherspoon.
14:47 of 2nd period - Ryan Nugent-Hopkins wins face-off versus Cory Emmerton in Stars zone.
14:48 of 2nd period - Wrist shot by James Neal.
14:48 of 2nd period - Shot Blocked by Alex Chiasson.
15:08 of 2nd period - Slapshot by Alex Chiasson.
15:08 of 2nd period - Shot Misses the Net.
15:19 of 2nd period - Snap shot by Ryan Nugent-Hopkins.
15:19 of 2nd period - Goal by Ryan Nugent-Hopkins - Stars : 2 - Oilers : 3.
15:20 of 2nd period - John Tavares wins face-off versus Robert Nilsson in neutral zone.
15:51 of 2nd period - Alex Chiasson is hit by Connor McDavid.
15:54 of 2nd period - Minor Penalty to Boris Valabik for Hooking.
15:55 of 2nd period - John Tavares wins face-off versus Evander Kane in Stars zone.
16:04 of 2nd period - Paul Ladue is hit by David Pastrnak and loses puck.
16:32 of 2nd period - Wrist shot by Viktor Arvidsson.
16:32 of 2nd period - Stopped by Jhonas Enroth without a rebound.
16:33 of 2nd period - Connor McDavid wins face-off versus Cory Emmerton in Stars zone.
17:00 of 2nd period - Leon Draisaitl is hit by Tyler Wotherspoon and loses puck.
17:05 of 2nd period - Snap shot by John Tavares.
17:05 of 2nd period - Stopped by James Reimer with a rebound.
17:12 of 2nd period - Off-side.
17:13 of 2nd period - Connor McDavid wins face-off versus John Tavares in neutral zone.
17:28 of 2nd period - Brian Lee is hit by David Pastrnak and loses puck.
17:54 of 2nd period - Penalty to Boris Valabik is over, Boris Valabik is back on ice.
18:03 of 2nd period - Evgeny Kuznetsov is hit by Anton Slepyshev and loses puck.
19:26 of 2nd period - Andrew Ladd is hit by Brady Skjei and loses puck.
19:33 of 2nd period - Wrist shot by Ryan Getzlaf.
19:33 of 2nd period - Shot Misses the Net.
19:39 of 2nd period - Minor Penalty to Andrew Ladd for Roughing.
19:40 of 2nd period - John Tavares wins face-off versus Connor McDavid in Stars zone.
Goals for this period are 1 for Stars vs 2 for Oilers.
Shots for this period are 12 for Stars vs 7 for Oilers.
3rd period
0:01 of 3rd period - Connor McDavid wins face-off versus John Tavares in neutral zone.
0:03 of 3rd period - Off-side.
0:04 of 3rd period - John Tavares wins face-off versus Connor McDavid in neutral zone.
0:42 of 3rd period - Wrist shot by Leon Draisaitl.
0:42 of 3rd period - Shot Misses the Net.
1:39 of 3rd period - Penalty to Andrew Ladd is over, Andrew Ladd is back on ice.
2:11 of 3rd period - Wrist shot by Mark Stone.
2:11 of 3rd period - Shot Misses the Net.
2:49 of 3rd period - Evgeny Kuznetsov is hit by Mark Stone and loses puck.
2:57 of 3rd period - Icing by Brian Lee.
2:58 of 3rd period - Leon Draisaitl wins face-off versus Tyler Brenner in Stars zone.
3:58 of 3rd period - Boris Valabik is hit by Mark Stone and loses puck.
3:59 of 3rd period - Boris Valabik from Stars is injured at 3:59 of 3rd period (Sprained Right Knee).
4:00 of 3rd period - John Tavares wins face-off versus Robert Nilsson in Oilers zone.
4:01 of 3rd period - Snap shot by Michael Grabner.
4:01 of 3rd period - Stopped by James Reimer with a rebound.
4:03 of 3rd period - Snap shot by Guillaume Latendresse.
4:03 of 3rd period - Stopped by James Reimer without a rebound.
4:04 of 3rd period - Robert Nilsson wins face-off versus John Tavares in Oilers zone.
4:33 of 3rd period - David Pastrnak is hit by Cory Emmerton and loses puck.
4:40 of 3rd period - Brian Lee is hit by Shea Weber and loses puck.
4:53 of 3rd period - Slapshot by Zach Hyman.
4:53 of 3rd period - Shot Blocked by Paul Ladue.
4:59 of 3rd period - Ryan Getzlaf is hit by Cory Emmerton and loses puck.
5:04 of 3rd period - Wrist shot by Alex Chiasson.
5:04 of 3rd period - Deflect By Andrew Ladd.
5:04 of 3rd period - Shot Misses the Net.
5:04 of 3rd period - Puck is out of play.
5:05 of 3rd period - Robert Nilsson wins face-off versus John Tavares in Oilers zone.
6:16 of 3rd period - Tyler Brenner is hit by Robert Nilsson and loses puck.
6:33 of 3rd period - Slapshot by Tyler Brenner.
6:33 of 3rd period - Shot Blocked by Anton Slepyshev.
6:55 of 3rd period - Jake Gardiner is hit by Michael Grabner and loses puck.
7:18 of 3rd period - Slapshot by Tyson Barrie.
7:18 of 3rd period - Deflect By Andrew Ladd.
7:18 of 3rd period - Stopped by James Reimer with a rebound.
7:20 of 3rd period - Wrist shot by Alex Chiasson.
7:20 of 3rd period - Shot Blocked by Cam Barker.
7:22 of 3rd period - Slapshot by Tyler Wotherspoon.
7:22 of 3rd period - Deflect By Brady Skjei.
7:22 of 3rd period - Stopped by James Reimer without a rebound.
7:23 of 3rd period - Robert Nilsson wins face-off versus Cory Emmerton in Oilers zone.
7:50 of 3rd period - Evander Kane is hit by Brian Lee and loses puck.
8:01 of 3rd period - Wrist shot by Michael Grabner.
8:01 of 3rd period - Shot Misses the Net.
8:03 of 3rd period - Backhand shot by Paul Ladue.
8:03 of 3rd period - Shot Blocked by Marcus Pettersson.
8:26 of 3rd period - Snap shot by Tobias Rieder.
8:26 of 3rd period - Shot Misses the Net.
8:45 of 3rd period - Jonathan Drouin is hit by Jake Gardiner and loses puck.
9:02 of 3rd period - Snap shot by Zach Hyman.
9:02 of 3rd period - Shot Blocked by Andrew Ladd.
9:04 of 3rd period - Snap shot by Zach Hyman.
9:04 of 3rd period - Stopped by Jhonas Enroth with a rebound.
9:06 of 3rd period - Slapshot by Tobias Enstrom.
9:06 of 3rd period - Deflect By Ryan Getzlaf.
9:06 of 3rd period - Shot Blocked by Andrew Ladd.
9:06 of 3rd period - Puck is out of play.
9:07 of 3rd period - Evgeny Kuznetsov wins face-off versus Robert Nilsson in Stars zone.
9:11 of 3rd period - Off-side.
9:12 of 3rd period - Robert Nilsson wins face-off versus Cam Atkinson in neutral zone.
9:15 of 3rd period - Slapshot by Jake Gardiner.
9:15 of 3rd period - Stopped by Jhonas Enroth without a rebound.
9:16 of 3rd period - Evgeny Kuznetsov wins face-off versus Viktor Arvidsson in Stars zone.
9:23 of 3rd period - Snap shot by Brian Lee.
9:23 of 3rd period - Stopped by James Reimer without a rebound.
9:24 of 3rd period - John Tavares wins face-off versus Robert Nilsson in Oilers zone.
9:38 of 3rd period - Off-side.
9:39 of 3rd period - Robert Nilsson wins face-off versus Michael Grabner in neutral zone.
9:41 of 3rd period - Off-side.
9:42 of 3rd period - Robert Nilsson wins face-off versus John Tavares in neutral zone.
9:47 of 3rd period - Wrist shot by Leon Draisaitl.
9:47 of 3rd period - Stopped by Jhonas Enroth with a rebound.
9:49 of 3rd period - Slapshot by Shea Weber.
9:49 of 3rd period - Shot Blocked by John Tavares.
9:51 of 3rd period - Snap shot by Jake Gardiner.
9:51 of 3rd period - Shot Misses the Net.
10:15 of 3rd period - Snap shot by Cory Emmerton.
10:15 of 3rd period - Goal by Cory Emmerton - Stars : 3 - Oilers : 3.
10:16 of 3rd period - Robert Nilsson wins face-off versus John Tavares in neutral zone.
10:45 of 3rd period - Wrist shot by Evander Kane.
10:45 of 3rd period - Stopped by Jhonas Enroth with a rebound.
10:53 of 3rd period - Wrist shot by Evander Kane.
10:53 of 3rd period - Stopped by Jhonas Enroth with a rebound.
11:07 of 3rd period - Paul Ladue is hit by Mark Stone.
11:13 of 3rd period - Wrist shot by James Neal.
11:13 of 3rd period - Shot Misses the Net.
11:55 of 3rd period - Snap shot by John Tavares.
11:55 of 3rd period - Deflect By Michael Grabner.
11:55 of 3rd period - Shot Misses the Net.
11:55 of 3rd period - Puck is out of play.
11:56 of 3rd period - Robert Nilsson wins face-off versus John Tavares in Oilers zone.
12:35 of 3rd period - Wrist shot by Cam Atkinson.
12:35 of 3rd period - Shot Misses the Net.
12:49 of 3rd period - Icing by Evander Kane.
12:50 of 3rd period - Connor McDavid wins face-off versus Tyler Brenner in Oilers zone.
12:57 of 3rd period - Snap shot by Connor McDavid.
12:57 of 3rd period - Stopped by Jhonas Enroth with a rebound.
13:00 of 3rd period - Icing by Paul Ladue.
13:01 of 3rd period - Robert Nilsson wins face-off versus Tyler Brenner in Stars zone.
13:02 of 3rd period - Slapshot by Leon Draisaitl.
13:02 of 3rd period - Stopped by Jhonas Enroth without a rebound.
13:03 of 3rd period - John Tavares wins face-off versus Robert Nilsson in Stars zone.
13:56 of 3rd period - Snap shot by Evgeny Kuznetsov.
13:56 of 3rd period - Stopped by James Reimer without a rebound.
13:57 of 3rd period - Robert Nilsson wins face-off versus Guillaume Latendresse in Oilers zone.
14:14 of 3rd period - Snap shot by Viktor Arvidsson.
14:14 of 3rd period - Shot Misses the Net.
14:24 of 3rd period - David Pastrnak is hit by Cory Emmerton and loses puck.
15:52 of 3rd period - Paul Ladue is hit by Evander Kane and loses puck.
16:17 of 3rd period - Shea Weber is hit by Tyler Wotherspoon and loses puck.
16:34 of 3rd period - Paul Ladue is hit by Viktor Arvidsson and loses puck.
17:07 of 3rd period - Tyler Brenner is hit by Robert Nilsson and loses puck.
17:36 of 3rd period - Snap shot by Jonathan Drouin.
17:36 of 3rd period - Shot Misses the Net.
17:38 of 3rd period - Slapshot by Alex Chiasson.
17:38 of 3rd period - Shot Blocked by Tobias Enstrom.
17:42 of 3rd period - Snap shot by Jonathan Drouin.
17:42 of 3rd period - Shot Misses the Net.
17:44 of 3rd period - Wrist shot by Scott Kosmachuck.
17:44 of 3rd period - Shot Misses the Net.
17:58 of 3rd period - Slapshot by Scott Kosmachuck.
17:58 of 3rd period - Shot Misses the Net.
18:00 of 3rd period - Backhand shot by Scott Kosmachuck.
18:00 of 3rd period - Stopped by James Reimer with a rebound.
18:02 of 3rd period - Wrist shot by Scott Kosmachuck.
18:02 of 3rd period - Stopped by James Reimer without a rebound.
18:03 of 3rd period - Ryan Nugent-Hopkins wins face-off versus Evgeny Kuznetsov in Oilers zone.
18:34 of 3rd period - Wrist shot by Evander Kane.
18:34 of 3rd period - Shot Misses the Net.
18:50 of 3rd period - Slapshot by Brian Lee.
18:50 of 3rd period - Stopped by James Reimer with a rebound.
19:17 of 3rd period - Icing by Anton Slepyshev.
19:18 of 3rd period - John Tavares wins face-off versus Connor McDavid in Oilers zone.
19:49 of 3rd period - Connor McDavid is hit by Guillaume Latendresse and loses puck.
Goals for this period are 1 for Stars vs 0 for Oilers.
Shots for this period are 10 for Stars vs 7 for Oilers.
Overtime #1
0:01 of 1st overtime period - John Tavares wins face-off versus Ryan Nugent-Hopkins in neutral zone.
0:50 of 1st overtime period - Andrew Ladd is hit by Robert Nilsson and loses puck.
1:17 of 1st overtime period - Tyson Barrie is hit by Viktor Arvidsson and loses puck.
2:15 of 1st overtime period - Wrist shot by Robert Nilsson.
2:15 of 1st overtime period - Stopped by Jhonas Enroth with a rebound.
2:21 of 1st overtime period - Brady Skjei is hit by Tyson Barrie and loses puck.
2:58 of 1st overtime period - Ryan Nugent-Hopkins is hit by John Tavares and loses puck.
3:22 of 1st overtime period - Slapshot by Tobias Enstrom.
3:22 of 1st overtime period - Shot Blocked by Andrew Ladd.
3:24 of 1st overtime period - Slapshot by Marcus Pettersson.
3:24 of 1st overtime period - Deflect By Connor McDavid.
3:24 of 1st overtime period - Goal by Connor McDavid - Stars : 3 - Oilers : 4.
Goals for this period are 0 for Stars vs 1 for Oilers.
Shots for this period are 0 for Stars vs 2 for Oilers.